[ AOE2 MATCH · #480559391 ]
UnrankedBurmese vs Huns
Player's team · LOSS
Rival team · WIN
[ REPLAY ANALYSIS · EXTRACTED FROM THE RECORDED GAME ]
Feudal
13:12
Castle
21:39
Imperial
—
| APM avg | 23.9 |
| APM peak | 68 |
| eAPM avg | 12.1 |
| Villagers / military | 55 / 20 |
Focus
⚔️ 36.3% · 🌾 63.7%
Arambai ×8 · Fishing Ship ×6 · Knight ×4 · Archer ×3 · Galley ×2 · Unknown (2626) ×2
Feudal
14:10
Castle
18:55
Imperial
—
| APM avg | 27.9 |
| APM peak | 67 |
| eAPM avg | 15.4 |
| Villagers / military | 108 / 55 |
Focus
⚔️ 28.5% · 🌾 71.5%
Cavalry Archer ×42 · Fishing Ship ×9 · Knight ×7 · Spearman ×3 · Battering Ram ×3 · Unknown (2626) ×2
Match map
Initial resources + every placement click. Lines = walls · curves = elevation contours. ◆ gold · ⬟ stone · ● berries · ✦ relic · ◌ wall gap
Your base· Open — unwalled flank
ShadoW's base· Open — 8t gap
Smoothed initial terrain · ◌ = detected wall gap · hover for details
Inputs per minute
— Roger - - ShadoW
Build order — Roger
First 150 of 155 actions detected
| 0:40 | Build | Town Center |
| 1:13 | Build | Dock |
| 2:34 | Build | House |
| 2:38 | Create | Villager (Male) |
| 2:46 | Create | Villager (Male) |
| 2:47 | Create | Villager (Male) |
| 2:47 | Create | Villager (Male) |
| 3:51 | Create | Villager (Male) |
| 4:10 | Create | Villager (Male) |
| 4:25 | Build | House |
| 4:59 | Create | Villager (Male) |
| 5:28 | Create | Villager (Male) |
| 5:39 | Build | House |
| 5:55 | Create | Villager (Male) |
| 6:28 | Create | Fishing Ship |
| 6:29 | Create | Villager (Male) |
| 6:42 | Create | Villager (Male) |
| 7:08 | Create | Villager (Male) |
| 7:49 | Create | Villager (Male) |
| 7:50 | Create | Villager (Male) |
| 8:01 | Build | House |
| 8:04 | Create | Fishing Ship |
| 8:35 | Create | Villager (Male) |
| 8:46 | Create | Fishing Ship |
| 9:01 | Create | Villager (Male) |
| 9:25 | Create | Villager (Male) |
| 9:40 | Build | House |
| 10:01 | Build | Mill |
| 10:12 | Create | Villager (Male) |
| 10:16 | Research | Loom |
| 10:41 | Create | Fishing Ship |
| 10:49 | Research | Feudal Age |
| 11:10 | Build | House |
| 11:25 | Build | House |
| 11:29 | Build | House |
| 11:56 | Build | Lumber Camp |
| 12:13 | Create | Fishing Ship |
| 13:08 | Build | Outpost |
| 13:10 | Create | Villager (Male) |
| 13:12 | Age | Feudal Age |
| 13:18 | Create | Villager (Male) |
| 13:21 | Create | Fishing Ship |
| 13:37 | Build | Barracks |
| 13:40 | Create | Villager (Male) |
| 13:56 | Build | Palisade Wall |
| 14:05 | Create | Villager (Male) |
| 14:13 | Build | Mining Camp |
| 14:30 | Create | Villager (Male) |
| 14:42 | Create | Villager (Male) |
| 14:47 | Create | Villager (Male) |
| 14:56 | Create | Villager (Male) |
| 15:02 | Create | Galley |
| 15:22 | Build | Dock |
| 15:46 | Build | Palisade Wall |
| 15:58 | Build | Archery Range |
| 16:01 | Create | Villager (Male) |
| 16:11 | Build | House |
| 16:16 | Build | Palisade Wall |
| 16:19 | Create | Villager (Male) |
| 16:26 | Build | Palisade Wall |
| 16:28 | Create | Villager (Male) |
| 16:31 | Create | Demolition Raft |
| 16:46 | Create | Villager (Male) |
| 16:51 | Build | House |
| 16:53 | Create | Villager (Male) |
| 17:13 | Build | Market |
| 17:21 | Build | Mining Camp |
| 17:28 | Build | House |
| 17:37 | Create | Galley |
| 18:59 | Research | Castle Age |
| 19:10 | Research | Horse Collar |
| 19:36 | Create | Unit 2626 |
| 19:51 | Create | Unit 2626 |
| 20:08 | Build | Blacksmith |
| 20:10 | Create | Archer |
| 20:10 | Create | Archer |
| 20:26 | Build | Stable |
| 20:39 | Build | Stable |
| 20:44 | Research | Forging |
| 20:45 | Research | Scale Barding Armor |
| 20:48 | Create | Archer |
| 21:39 | Age | Castle Age |
| 21:53 | Create | Villager (Male) |
| 22:15 | Build | Town Center |
| 22:30 | Build | Farm |
| 22:31 | Build | Farm |
| 22:31 | Build | Farm |
| 22:31 | Build | Farm |
| 22:31 | Build | Farm |
| 22:32 | Build | Farm |
| 22:42 | Create | Knight |
| 22:42 | Create | Knight |
| 22:46 | Create | Villager (Male) |
| 22:47 | Create | Villager (Male) |
| 23:16 | Create | Villager (Male) |
| 23:32 | Build | Farm |
| 23:46 | Build | Outpost |
| 23:56 | Build | Outpost |
| 24:02 | Create | Villager (Male) |
| 24:03 | Create | Villager (Male) |
| 24:12 | Build | Farm |
| 24:12 | Build | Farm |
| 24:13 | Build | Farm |
| 24:13 | Build | Farm |
| 24:18 | Build | Farm |
| 24:23 | Create | Villager (Male) |
| 24:48 | Create | Villager (Male) |
| 24:56 | Build | Farm |
| 24:58 | Build | Farm |
| 25:08 | Build | Castle |
| 25:31 | Create | Knight |
| 25:31 | Create | Knight |
| 26:07 | Research | Husbandry |
| 26:11 | Create | Villager (Male) |
| 27:06 | Create | Villager (Male) |
| 27:06 | Create | Villager (Male) |
| 27:07 | Create | Villager (Male) |
| 27:24 | Build | Farm |
| 27:31 | Build | Mining Camp |
| 27:38 | Build | Town Center |
| 27:40 | Create | Villager (Male) |
| 27:41 | Create | Villager (Male) |
| 27:50 | Build | Outpost |
| 27:51 | Create | Villager (Male) |
| 28:13 | Build | Farm |
| 28:13 | Build | Farm |
| 28:13 | Build | Farm |
| 28:26 | Create | Villager (Male) |
| 28:27 | Create | Villager (Male) |
| 28:28 | Create | Villager (Male) |
| 28:32 | Build | Farm |
| 29:02 | Build | Monastery |
| 29:07 | Create | Scout Cavalry |
| 29:11 | Research | Bloodlines |
| 29:42 | Build | Siege Workshop |
| 29:50 | Create | Monk |
| 30:11 | Build | Stone Wall |
| 30:20 | Build | Stone Wall |
| 30:22 | Create | Villager (Male) |
| 30:24 | Create | Villager (Male) |
| 30:40 | Build | Stone Wall |
| 30:59 | Create | Villager (Male) |
| 31:00 | Create | Villager (Male) |
| 31:01 | Create | Villager (Male) |
| 31:02 | Create | Villager (Male) |
| 31:18 | Create | Arambai |
| 31:18 | Create | Arambai |
| 31:18 | Create | Arambai |
| 31:18 | Create | Arambai |
| 31:18 | Create | Arambai |
Build order — ShadoW
First 150 of 225 actions detected
| 0:26 | Build | Town Center |
| 2:13 | Create | Villager (Male) |
| 2:13 | Create | Villager (Male) |
| 2:13 | Create | Villager (Male) |
| 2:14 | Create | Villager (Male) |
| 2:14 | Create | Villager (Male) |
| 3:33 | Create | Villager (Male) |
| 3:33 | Create | Villager (Male) |
| 4:13 | Create | Villager (Male) |
| 4:13 | Create | Villager (Male) |
| 4:13 | Create | Villager (Male) |
| 4:51 | Create | Villager (Male) |
| 5:35 | Create | Villager (Male) |
| 5:46 | Build | Dock |
| 6:09 | Create | Villager (Male) |
| 6:10 | Create | Villager (Male) |
| 6:10 | Create | Villager (Male) |
| 6:27 | Create | Fishing Ship |
| 6:27 | Create | Fishing Ship |
| 6:55 | Create | Villager (Male) |
| 7:10 | Create | Villager (Male) |
| 7:13 | Create | Fishing Ship |
| 7:37 | Create | Villager (Male) |
| 7:53 | Create | Villager (Male) |
| 8:04 | Create | Villager (Male) |
| 8:36 | Create | Villager (Male) |
| 8:36 | Create | Villager (Male) |
| 8:36 | Create | Villager (Male) |
| 8:36 | Create | Villager (Male) |
| 8:36 | Create | Villager (Male) |
| 8:43 | Create | Fishing Ship |
| 8:43 | Create | Fishing Ship |
| 8:58 | Create | Villager (Male) |
| 9:06 | Create | Fishing Ship |
| 9:28 | Create | Villager (Male) |
| 10:06 | Create | Villager (Male) |
| 10:06 | Create | Villager (Male) |
| 10:08 | Create | Fishing Ship |
| 10:08 | Create | Fishing Ship |
| 10:08 | Create | Fishing Ship |
| 10:51 | Create | Villager (Male) |
| 11:18 | Build | Mill |
| 11:35 | Create | Villager (Male) |
| 11:40 | Research | Feudal Age |
| 12:01 | Build | Mining Camp |
| 12:17 | Create | Villager (Male) |
| 12:51 | Create | Villager (Male) |
| 13:07 | Create | Villager (Male) |
| 13:30 | Build | Palisade Wall |
| 13:40 | Build | Palisade Wall |
| 13:50 | Create | Villager (Male) |
| 13:59 | Create | Villager (Male) |
| 14:10 | Age | Feudal Age |
| 14:14 | Build | Market |
| 14:21 | Build | Blacksmith |
| 14:24 | Create | Villager (Male) |
| 14:38 | Build | Farm |
| 14:43 | Create | Villager (Male) |
| 15:10 | Create | Villager (Male) |
| 15:32 | Build | Lumber Camp |
| 15:37 | Research | Castle Age |
| 15:37 | Research | Castle Age |
| 15:42 | Research | Tech 906 |
| 16:04 | Create | Villager (Male) |
| 16:10 | Research | Wheelbarrow |
| 16:20 | Research | Double-Bit Axe |
| 16:34 | Create | Unit 2626 |
| 16:59 | Build | Barracks |
| 17:13 | Create | Villager (Male) |
| 17:16 | Research | Horse Collar |
| 17:37 | Create | Unit 2626 |
| 17:45 | Create | Villager (Male) |
| 18:44 | Create | Villager (Male) |
| 18:49 | Create | Spearman |
| 18:49 | Create | Spearman |
| 18:50 | Create | Spearman |
| 18:55 | Age | Castle Age |
| 19:05 | Build | Town Center |
| 19:26 | Create | Villager (Male) |
| 19:26 | Create | Villager (Male) |
| 19:39 | Build | Archery Range |
| 19:42 | Build | Stable |
| 19:48 | Create | Villager (Male) |
| 19:51 | Research | Loom |
| 19:56 | Create | Villager (Male) |
| 19:56 | Create | Villager (Male) |
| 19:57 | Create | Villager (Male) |
| 20:01 | Research | Bow Saw |
| 20:05 | Research | Heavy Plow |
| 20:08 | Build | Farm |
| 20:11 | Build | Farm |
| 20:15 | Build | Farm |
| 20:18 | Build | Farm |
| 20:21 | Build | Farm |
| 20:42 | Build | Archery Range |
| 20:47 | Create | Villager (Male) |
| 20:48 | Create | Villager (Male) |
| 20:48 | Create | Villager (Male) |
| 20:53 | Create | Villager (Male) |
| 20:57 | Build | Farm |
| 21:00 | Create | Villager (Male) |
| 21:27 | Create | Villager (Male) |
| 21:41 | Create | Villager (Male) |
| 21:43 | Create | Villager (Male) |
| 21:44 | Create | Villager (Male) |
| 21:52 | Build | Town Center |
| 21:57 | Build | Mining Camp |
| 22:00 | Create | Villager (Male) |
| 22:00 | Create | Villager (Male) |
| 22:00 | Create | Villager (Male) |
| 22:01 | Create | Villager (Male) |
| 22:06 | Build | Farm |
| 22:09 | Create | Cavalry Archer |
| 22:09 | Create | Cavalry Archer |
| 22:10 | Create | Cavalry Archer |
| 22:14 | Create | Cavalry Archer |
| 22:15 | Create | Cavalry Archer |
| 22:15 | Create | Cavalry Archer |
| 22:34 | Create | Villager (Male) |
| 22:35 | Create | Villager (Male) |
| 22:35 | Create | Villager (Male) |
| 23:03 | Research | Thumb Ring |
| 23:06 | Create | Villager (Male) |
| 23:23 | Create | Villager (Male) |
| 23:23 | Create | Villager (Male) |
| 23:33 | Create | Cavalry Archer |
| 23:34 | Create | Cavalry Archer |
| 23:34 | Create | Cavalry Archer |
| 23:58 | Build | Farm |
| 23:59 | Create | Villager (Male) |
| 23:59 | Create | Villager (Male) |
| 23:59 | Create | Villager (Male) |
| 24:01 | Create | Villager (Male) |
| 24:07 | Research | Husbandry |
| 24:09 | Create | Cavalry Archer |
| 24:09 | Create | Cavalry Archer |
| 24:10 | Create | Cavalry Archer |
| 24:19 | Build | University |
| 24:21 | Create | Villager (Male) |
| 24:39 | Create | Cavalry Archer |
| 24:39 | Create | Cavalry Archer |
| 24:40 | Create | Cavalry Archer |
| 24:40 | Create | Cavalry Archer |
| 24:40 | Create | Cavalry Archer |
| 24:47 | Research | Padded Archer Armor |
| 25:01 | Create | Knight |
| 25:01 | Create | Knight |
| 25:15 | Create | Villager (Male) |
| 25:16 | Create | Villager (Male) |
| 25:19 | Build | Farm |
Match timeline
| 1:13 | Roger · first_building Dock |
| 5:46 | ShadoW · first_building Dock |
| 13:12 | Roger · age_up feudal |
| 13:30 | ShadoW · wall_segment Palisade Wall x2 |
| 13:37 | Roger · first_building Barracks |
| 13:40 | ShadoW · wall_segment Palisade Wall x1 |
| 13:56 | Roger · wall_segment Palisade Wall x13 |
| 14:10 | ShadoW · age_up feudal |
| 15:46 | Roger · wall_segment Palisade Wall x12 |
| 15:58 | Roger · first_building Archery Range |
| 16:16 | Roger · wall_segment Palisade Wall x1 |
| 16:26 | Roger · wall_segment Palisade Wall x1 |
| 16:59 | ShadoW · first_building Barracks |
| 18:55 | ShadoW · age_up castle |
| 19:39 | ShadoW · first_building Archery Range |
| 19:42 | ShadoW · first_building Stable |
| 20:26 | Roger · first_building Stable |
| 21:39 | Roger · age_up castle |
| 25:08 | Roger · first_building Castle |
| 27:31 | ShadoW · first_building Castle |
| 28:08 | ShadoW · first_building Siege Workshop |
| 28:23 | ShadoW · first_market_sell 100 wood |
| 29:02 | Roger · first_building Monastery |
| 29:42 | Roger · first_building Siege Workshop |
| 30:11 | Roger · wall_segment Stone Wall x6 |
| 30:20 | Roger · wall_segment Stone Wall x1 |
| 30:40 | Roger · wall_segment Stone Wall x13 |
| 34:46 | Roger · resign |
[ AI ANALYSIS · 1 CREDIT ]
What really happened in this match?
Wolo.gg analyzes every decision: build order, eco, micro, common mistakes by bracket. Personalized analysis on WhatsApp or Discord in 30 seconds.
Civ guide
Burmese
Perfil
Jugador #1541007